 Dungeon Crawl Stone Soup version 0.31-a0-1603-gbec6b6ccbf (webtiles) character file.

Game seed: 10421407620175075761

44279 avis the Metamorph (level 13, -6/108 HPs)
             Began as a Felid Shapeshifter on Jan 7, 2024.
             Was an Initiate of Gozag.
             Splashed by a brown ugly thing's acid (8 damage)
             ... on level 12 of the Dungeon on Jan 8, 2024.
             The game lasted 02:45:03 (26940 turns).

avis the Metamorph (Felid Shapeshifter)            Turns: 26940, Time: 02:45:03

Health: -6/108     AC: -1    Str: 10    XL:     13   Next: 95%
Magic:  18/20      EV: 33    Int: 22    God:    Gozag
Gold:   1412       SH:  0    Dex: 19    Spells: 10/20 levels left
                                        Lives:  0   Deaths: 3

rFire   . .          .
                       - Unarmed
rCold   + . .        (shield unavailable)
rNeg    . . .        (body armour unavailable)
rPois   .            (helmet unavailable)
rElec   .            (cloak unavailable)
rCorr   .            (gloves unavailable)
SInv    +            (boots unavailable)
Will    +....        F - amulet of magic regeneration Stlth
                     z - +6 ring of intelligence
HPRegen 0.38/turn    w - ring of wizardry
MPRegen 0.57/turn

%: wizardry (x1)
@: berserking, flux-form, corroded, gold aura, glowing, very quick
A: glow, contaminating, very small, claws 1, fangs 3, see invisible, shaggy fur
3, stealthy paws, no weapons or thrown items, no armour, multi-lived
a: Begin Untransformation, Renounce Religion, Potion Petition, Call Merchant,
Bribe Branch


You were on level 12 of the Dungeon.
You worshipped Gozag.
Gozag was most pleased with you.
You were something dangerously unstable.
You visited 4 branches of the dungeon, and saw 19 of its levels.
You also visited: Sewer and Ossuary.

You collected 4260 gold pieces.
You spent 2226 gold pieces at shops.
You paid 622 gold pieces to Gozag.

Inventory:

Jewellery
 h - the ring of the Growing Gods {Fly rC+ Str+3}
   (You acquired it on level 1 of the Lair of Beasts)

   [ring of flight]

   Str+3:     It affects your strength (+3).
   rC+:       It protects you from cold.
   Fly:       It grants you flight.
 m - a +6 ring of dexterity
 w - a ring of wizardry (right paw)
 z - a +6 ring of intelligence (left paw)
 E - a ring of protection from fire
 F - an amulet of magic regeneration (around neck)
Talismans
 f - a flux talisman (active)
 s - a serpent talisman
 S - a storm talisman
Wands
 d - a wand of iceblast (5)
 j - a wand of charming (18)
 l - a wand of mindburst (3)
 t - a wand of digging (8)
 u - a wand of polymorph (9)
 x - a wand of flame (33)
 D - a wand of acid (1)
Scrolls
 a - 4 scrolls of revelation
 b - 2 scrolls of fog
 k - 4 scrolls of fear
 q - 3 scrolls of blinking
 H - 3 scrolls of poison
Potions
 c - 2 potions of cancellation
 e - a potion of ambrosia
 g - a potion of resistance
 n - 4 potions of berserk rage
 o - a potion of magic
 p - 7 potions of brilliance
 r - 3 potions of might
 v - 2 potions of enlightenment
 A - a potion of curing
Miscellaneous
 G - a box of beasts


   Skills:
 - Level 10.0 Fighting
 - Level 15.0 Dodging
 - Level 10.0 Unarmed Combat
 - Level 4.0 Spellcasting
 - Level 2.0 Conjurations
 - Level 4.0 Alchemy
 * Level 15.7 Shapeshifting


You had 10 spell levels left.
You knew the following spells:

 Your Spells              Type           Power      Damage    Failure   Level
a - Sting                 Conj/Alch      68%        1d7       1%          1
b - Mercury Vapours       Alch/Air       26%        N/A       3%          2
f - Swiftness             Air            4%         N/A       13%         3
o - Olgreb's Toxic Radia  Alch           22%        N/A       9%          4

Your spell library contained the following spells:

 Spells                   Type           Power      Damage    Failure   Level
 Magic Dart               Conj           52%        1d5       1%          1
 Shock                    Conj/Air       32%        1d5       3%          1
 Blink                    Tloc           8%         N/A       7%          2
 Call Imp                 Summ           8%         N/A       7%          2
 Airstrike                Air            2%         2d(1-17)  38%         4


Dungeon Overview and Level Annotations

Branches:
Dungeon (12/15)            Temple (1/1) D:7            Lair (5/5) D:10
  Swamp (0/4) Lair:3        Snake (0/4) Lair:3        Slime (0/5) Lair:4
    Orc (1/2) D:11          Sewer (visited)         Ossuary (visited)

Altars:
Ashenzari
Cheibriados
Dithmenos
Elyvilon
Fedhas
Gozag
Hepliaklqana
Kikubaaqudgha
Makhleb
Nemelex Xobeh
Okawaru
Qazlal
Ru
Sif Muna
Trog
Uskayaw
Vehumet
Wu Jian
Xom
Yredelemnul
Zin
The Shining One
Jiyva

Shops:
D:6 *   D:11 *   Lair:1 =


Innate Abilities, Weirdness & Mutations

You are something dangerously unstable.
You glow with magical radiation, making you easy to see and hit.
Foes you strike become dangerously contaminated with magical radiation.
You have sharp claws.
You have razor-sharp teeth.
You have supernaturally acute eyesight. (SInv)
Your thick and shaggy fur keeps you warm. (AC +3, rC+)
Your paws help you pounce on unaware monsters.
You are incapable of wielding weapons or throwing items.
You cannot wear armour.
You gain extra lives every three experience levels.


Message History

The orc wizard misses you.
You scratch the orc wizard but do no damage.
The orc wizard glows dangerously bright.
The orc wizard is heavily wounded.
You scratch the orc wizard but do no damage.
The orc wizard shudders as magic cascades through it!
You kill the orc wizard!
You scratch the yak but do no damage.
The yak begins to glow.
You bite the yak, but do no damage. The yak gores you!
* * * LOW HITPOINT WARNING * * *
You claw the yak!
The yak glows dangerously bright.
You bite the yak.
The yak is moderately wounded.
The yak completely misses you.
Casting: Olgreb's Toxic Radiance (dangerous; 9% risk of failure)
Confirm with . or Enter, or press ? or * to list all spells.
You begin to radiate toxic energy.
The orc is poisoned.
The yak is poisoned. x3
The brown ugly thing is poisoned.
You kill the orc!
The yak looks even sicker. x2
A war gargoyle comes into view.
It is wielding a +1 flail of protection.
The yak completely misses you.
You scratch the yak.
The yak shudders as magic cascades through it!!
You kill the yak!
The orc is poisoned.
You closely miss the brown ugly thing.
The brown ugly thing is lightly wounded.
The yak looks even sicker.
Your toxic aura wanes.
The brown ugly thing trunk-slaps you.
* * * LOW HITPOINT WARNING * * *
You are splashed with acid!
* * * LOW HITPOINT WARNING * * *
A red film seems to cover your vision as you go berserk!
You feel yourself moving faster!
You feel mighty! The brown ugly thing trunk-slaps you.
* * * LOW HITPOINT WARNING * * *
The acid corrodes you!
You are splashed with acid!
You die...
Your body crumbles into a pile of gold.

##### ##### ##...###..#..
#............
##...........
####..........
##...>..........
#................. ###
#..####............
##.###...# #p##...........
#...###..###u##...........
#...##.....Y9Y............
##.[......o#..............
#.........##)............
#...................#....
#...........#............
##........o##.$..<...##
###..........$##..#..#


You could see a brown ugly thing (poisoned), a war gargoyle, 2 yaks and an orc
(poisoned).

Vanquished Creatures
  4 hydras
  An ogre mage (Orc:1)
  5 death yaks (Lair:4)
  8 two-headed ogres
  Sonja (D:10)
  3 skysharks
  Lodul (D:10)
  2 harpies (Lair:4)
  An orc sorcerer (Orc:1)
  2 ugly things
  An oklob plant (Lair:3)
  2 cyclopes
  5 black mambas
  3 elephants
  Maurice (D:10)
  6 cane toads
  Jeremiah (D:6)
  3 unseen horrors (D:10)
  2 rime drakes (Lair:4)
  10 komodo dragons
  3 trolls
  A hornet (D:11)
  Prince Ribbit (D:5)
  3 blink frogs (D:10)
  8 dream sheep
  2 shadows
  3 slime creatures (D:12)
  A wraith (D:11)
  19 yaks
  A basilisk (Lair:4)
  2 wyverns (D:10)
  A fire bat (Lair:4)
  Grum (D:11)
  3 steam dragons
  A warg (Orc:1)
  5 vampire mosquitoes
  2 swamp worms (Lair:3)
  11 water moccasins
  3 acid dragons
  Edmund (D:6)
  2 ice beasts (D:5)
  6 orc warriors
  19 ogres
  15 wolves
  10 centaurs
  2 kobold brigands (D:9)
  10 bullfrogs
  4 scorpions
  6 water moccasin zombies (Ossuary)
  A gnoll sergeant (D:7)
  A burial acolyte (Ossuary)
  8 wights
  20 killer bees
  3 howler monkeys
  4 electric eels
  A hound (D:6)
  Crazy Yiuf (D:3)
  3 jellies
  6 orc priests
  A spectral scorpion (Ossuary)
  Ijyb (D:3)
  2 gnoll boudas
  2 sleepcaps
  An iguana (D:5)
  18 orc wizards
  A crocodile zombie (Ossuary)
  2 mummies (Ossuary)
  9 gnolls
  5 adders
  A river rat (D:5)
  2 shadow imps
  2 white imps
  5 adder zombies (Ossuary)
  3 ribbon worms
  32 orcs
  2 endoplasms (D:2)
  6 giant cockroaches
  5 goblins
  A hobgoblin (D:1)
  4 jackals (D:2)
  17 kobolds
  2 ball pythons
  11 bats
  A frilled lizard (D:2)
  9 gnoll zombies (Ossuary)
  4 jackal zombies (Ossuary)
  4 orc zombies (Ossuary)
  4 rats
413 creatures vanquished.

Vanquished Creatures (collateral kills)
  An ice beast (D:6)
  A scorpion (D:6)
  A jelly (D:6)
  A gnoll (D:5)
  An adder (D:6)
5 creatures vanquished.

Vanquished Creatures (others)
  Maggie (D:6)
  A blink frog (Lair:1)
  An ice beast (D:6)
  A centaur (Lair:1)
  A scorpion (D:6)
  2 gnolls (D:5)
7 creatures vanquished.

Grand Total: 425 creatures vanquished

Notes
Turn   | Place    | Note
-------+----------+-------------------------------------------
     0 | D:1      | avis the Felid Shapeshifter began the quest for the Orb.
     0 | D:1      | Reached XP level 1. HP: 10/10 MP: 2/2
   377 | D:1      | Reached XP level 2. HP: 14/14 MP: 3/3
   717 | D:2      | Found a shimmering altar of Xom.
  1038 | D:2      | Reached XP level 3. HP: 17/18 MP: 4/4
  1619 | D:3      | Noticed Ijyb
  1703 | D:3      | Found a basalt altar of Yredelemnul.
  1767 | D:3      | Found a runed translucent door.
  1768 | D:3      | Noticed Crazy Yiuf
  1919 | D:3      | Learned a level 1 spell: Sting
  1934 | D:3      | Killed Ijyb
  1935 | D:3      | Reached XP level 4. HP: 7/23 MP: 2/5
  1935 | D:3      | Gained a life (2 lives remaining)
  2366 | D:4      | Found a sand-covered staircase.
  2380 | Ossuary  | Entered an ossuary
  2441 | Ossuary  | Reached skill level 5 in Shapeshifting
  2441 | Ossuary  | Reached XP level 5. HP: 20/26 MP: 6/6
  2579 | Ossuary  | Gained mutation: You are covered in thick fur. (AC +2)
                  | [Felid growth]
  2579 | Ossuary  | Reached XP level 6. HP: 15/32 MP: 7/7
  2686 | Ossuary  | Reached skill level 5 in Dodging
  2856 | Ossuary  | Reached XP level 7. HP: 28/36 MP: 8/8
  3236 | D:4      | Found a glowing silver altar of Zin.
  3292 | D:4      | Found an iron altar of Okawaru.
  3747 | D:5      | Entered Level 5 of the Dungeon
  3862 | D:5      | Found a glowing drain.
  3869 | Sewer    | Entered a sewer
  3972 | Sewer    | Reached XP level 8. HP: 40/40 MP: 4/9
  3974 | Sewer    | Noticed Pargi
  3975 | Sewer    | Pargi changed into Pargi the water moccasin
  3975 | Sewer    | Noticed Pargi
  3988 | Sewer    | Killed Pargi the water moccasin
  4225 | D:5      | Reached skill level 5 in Fighting
  4587 | D:5      | Found an ornate altar of the Wu Jian Council.
  4620 | D:5      | Found a stormy altar of Qazlal.
  4620 | D:5      | Found a blossoming altar of Fedhas.
  5435 | D:6      | Noticed Maggie
  5455 | D:6      | Noticed Jeremiah
  5457 | D:6      | Noticed Prince Ribbit
  5478 | D:6      | Reached XP level 9. HP: 36/47 MP: 10/10
  5481 | D:6      | Your ally Maggie died
  5703 | D:6      | Reached skill level 5 in Unarmed Combat
  5909 | D:5      | Killed Prince Ribbit
  6001 | D:6      | Found an ancient bone altar of Kikubaaqudgha.
  6042 | D:6      | Reached skill level 10 in Dodging
  6163 | D:6      | Found Vuzojud's General Store.
  6278 | D:6      | Killed Jeremiah
  6383 | D:6      | Noticed Edmund
  6396 | D:6      | Killed Edmund
  6866 | D:6      | Upgraded the game from 0.31-a0-1591-g515db51633 to
                  | 0.31-a0-1603-gbec6b6ccbf
  6869 | D:6      | Learned a level 2 spell: Mercury Vapours
  6965 | D:7      | Found a staircase to the Ecumenical Temple.
  6979 | Temple   | Entered the Ecumenical Temple
  6995 | Temple   | Became a worshipper of Gozag Ym Sagoz the Greedy
  7345 | D:7      | Reached skill level 1 in Spellcasting
  7345 | D:7      | Reached skill level 1 in Conjurations
  7762 | D:7      | Found a shadowy altar of Dithmenos.
  8709 | D:8      | Noticed a cyclops
  8735 | D:8      | Killed a cyclops
  8736 | D:8      | Reached XP level 10. HP: 55/55 MP: 3/12
 10539 | D:8      | Noticed a white ugly thing
 10557 | D:8      | Slain by a red ugly thing
 10557 | D:8      | Lost a life (1 life remaining)
 10594 | D:8      | Killed a cyan ugly thing
 11543 | D:9      | Noticed a two-headed ogre
 11551 | D:9      | Killed a two-headed ogre
 11739 | D:9      | Noticed a cyclops
 11765 | D:9      | Killed a cyclops
 11766 | D:9      | Reached skill level 10 in Fighting
 12639 | D:9      | Found a bloodstained altar of Trog.
 12652 | D:9      | Reached XP level 11. HP: 56/57 MP: 10/13
 12652 | D:9      | Gained a life (2 lives remaining)
 12867 | D:10     | Entered Level 10 of the Dungeon
 12867 | D:10     | Found a staircase to the Lair.
 13503 | D:10     | Noticed Maurice
 14073 | D:10     | Maurice stole a beast talisman
 14076 | D:10     | Maurice stole a ring of protection from fire
 14104 | D:10     | Killed Maurice
 14670 | D:11     | Noticed Lodul
 14807 | D:10     | Reached skill level 15 in Dodging
 15269 | D:10     | Killed Lodul
 15715 | D:11     | Found a staircase to the Orcish Mines.
 15821 | D:11     | Noticed a two-headed ogre
 15832 | D:11     | Killed a two-headed ogre
 15944 | D:11     | Noticed Grum
 16279 | D:11     | Killed Grum
 16489 | D:11     | Found Yfaxt's General Store.
 16621 | D:11     | Bought a scroll of fear for 52 gold pieces
 16744 | D:6      | Bought a potion of haste for 140 gold pieces
 16744 | D:6      | Bought a potion of berserk rage for 70 gold pieces
 16744 | D:6      | Bought a scroll of identify for 28 gold pieces
 16744 | D:6      | Bought a scroll of fear for 56 gold pieces
 16873 | D:11     | Bought 2 potions of might for 104 gold pieces
 16873 | D:11     | Bought a box of beasts for 520 gold pieces
 16996 | D:6      | Bought a scroll of poison for 56 gold pieces
 17153 | Lair:1   | Entered Level 1 of the Lair of Beasts
 17239 | Lair:1   | Gained mutation: Your thick and shaggy fur keeps you warm.
                  | (AC +3, rC+) [Felid growth]
 17239 | Lair:1   | Reached XP level 12. HP: 59/67 MP: 9/16
 17443 | Lair:1   | Noticed Sonja
 18155 | D:10     | Killed Sonja
 18156 | D:10     | Reached skill level 10 in Shapeshifting
 18907 | Lair:1   | Found a basalt altar of Yredelemnul.
 19116 | Lair:1   | Learned a level 3 spell: Swiftness
 19629 | Lair:2   | Learned a level 4 spell: Olgreb's Toxic Radiance
 20185 | Lair:2   | Identified 2 scrolls of acquirement
 20230 | Lair:1   | Acquired a manual of Shapeshifting
 20232 | Lair:1   | Acquired the ring of the Growing Gods {Fly rC+ Str+3}
 20309 | Lair:2   | Reached skill level 10 in Unarmed Combat
 20887 | Lair:1   | Bought a storm talisman for 1200 gold pieces
 21078 | Lair:3   | Reached skill level 1 in Alchemy
 21218 | Lair:3   | Found a staircase to the Snake Pit.
 22437 | Lair:3   | Found a staircase to the Swamp.
 22643 | Lair:4   | Noticed an eight-headed hydra
 22643 | Lair:4   | Noticed a four-headed hydra
 22702 | Lair:4   | Noticed a five-headed hydra
 22711 | Lair:4   | Killed a five-headed hydra
 22930 | Lair:4   | Noticed a death yak
 22944 | Lair:4   | Killed a death yak
 23004 | Lair:4   | Noticed a death yak
 23011 | Lair:4   | Noticed a death yak
 23020 | Lair:4   | Killed a death yak
 23021 | Lair:4   | Reached XP level 13. HP: 40/72 MP: 10/20
 23530 | Lair:4   | HP: 2/72 [four-headed hydra (6)]
 23530 | Lair:4   | Slain by a four-headed hydra
 23530 | Lair:4   | Lost a life (1 life remaining)
 24157 | Lair:4   | Found a staircase to the Slime Pits.
 24157 | Lair:4   | Found a viscous altar of Jiyva.
 24644 | Lair:5   | Entered Level 5 of the Lair of Beasts
 25190 | Lair:5   | Mangled by a wyvern
 25190 | Lair:5   | Lost a life (0 lives remaining)
 25472 | D:3      | Killed Crazy Yiuf
 25701 | Orc:1    | Entered Level 1 of the Orcish Mines
 26154 | Orc:1    | Reached skill level 15 in Shapeshifting
 26161 | Orc:1    | HP: 3/72 [ogre mage/+0 spear (11)]
 26937 | D:12     | Noticed a war gargoyle
 26940 | D:12     | HP: 2/108 [brown ugly thing (6)]
 26940 | D:12     | Splashed by a brown ugly thing's acid

Illustrated notes

Levels and vault maps discovered:
D:1:      co_arrival_square_in_a_square_in_a_square, layout_basic
D:2:      layout_loops_ring, basic_altar
D:3:      layout_rooms, yredelemnul_altar_generic, uniq_crazy_yiuf_cottage,
          uniq_ijyb
D:4:      layout_rooms, okawaru_gym_becter, mainiacjoe_overflow_six_doors_small,
          enter_ossuary_3
D:5:      layout_cave_pools, nzn_wu_jian_council_hall,
          grunt_temple_overflow_forces_of_nature, serial_co_window_serial,
          co_window_of_opportunity_a, co_window_corner_a, co_window_paths_b,
          co_window_paths_b, co_window_corner_a, co_window_cross_1,
          co_window_of_opportunity_a, co_window_of_opportunity_b,
          co_window_broadway_c, co_window_corner_cb, co_window_unsneaky_path_d,
          co_window_corner_b, co_window_4corner_a, gup_sewer_entry_bubbles
D:6:      layout_basic, kiku_gazebo_garden_becter, serial_curves,
          eino_curves_02, eino_curves_01, eino_curves_02, eino_curves_01,
          serial_shops, nicolae_shop_back_alley_shop, uniq_maggie,
          uniq_prince_ribbit1, uniq_jeremiah, uniq_edmund
D:7:      minmay_flawed_box, layout_loops_ring, nicolae_dithmenos_the_darkroom,
          minmay_temple_entry_offerings
D:8:      layout_layer_cave, minmay_three_doors
D:9:      layout_roguey, kennysheep_mini
D:10:     layout_gridville, minmay_misc_feat_enclosed, uniq_maurice
D:11:     layout_rooms, orc_0_dummy, serial_shops, shop,
          chequers_serial_rivers_marsh, uniq_lodul, uniq_grum
D:12:     layout_cave_pools, minmay_checkered_concentric_circles
Temple:   compressed_dpeg_triangle_lava_temple
Lair:1:   layout_regular_city, lemuel_centaur_altar, uniq_sonja
Lair:2:   layout_roguey, grunt_megastairs_5, infiniplex_staircase_pool
Lair:3:   layout_long_grid, nicolae_swamp_entry_splash_gauntlet,
          dummy_snake_entry, minmay_holes, grunt_forest_small_clearing_treed
Lair:4:   layout_hall_layers, slime_entry_1, grunt_megastairs_3
Lair:5:   gammafunk_lair_ancient_temple, layout_misc_corridors, minivault_25,
          small_statue_intersection, serial_bayou_shore_a, lemuel_fruit_tree
Orc:1:    layout_caves

Skill      XL: |  1  2  3  4  5  6  7  8  9 10 11 12 13 |
---------------+----------------------------------------+-----
Shapeshifting  | 3 4 5 7 9 10 15 | 15.7
Fighting       | 2 3 5 7 10 | 10.0
Dodging        | 3 5 6 9 12 15 | 15.0
Unarmed Combat | 4 5 7 10 | 10.0
Spellcasting   | 1 2 4 |  4.0
Conjurations   | 1 2 |  2.0
Alchemy        | 4 |  4.0

Action                     |  1- 3 |  4- 6 |  7- 9 | 10-12 | 13-15 || total
---------------------------+-------+-------+-------+-------+-------++-------
  Melee: Unarmed           |    77 |   165 |   308 |   736 |   294 ||  1580
         Bite              |     7 |    20 |    59 |   103 |    61 ||   250
         Punch             |       |     3 |     1 |       |       ||     4
   Cast: Sting             |     3 |    11 |   103 |    56 |       ||   173
         Mercury Vapours   |       |       |    26 |   129 |       ||   155
         Olgreb's Toxic Ra |       |       |       |    22 |    57 ||    79
 Invoke: Call Merchant     |       |       |       |     1 |       ||     1
  Evoke: Wand              |       |       |    20 |     4 |    10 ||    34
    Use: Potion            |       |     3 |       |    10 |     6 ||    19
         Scroll            |       |     4 |    17 |    13 |     2 ||    36
   Stab: Sleeping          |     3 |       |       |       |       ||     3
         Confused          |       |       |       |     2 |       ||     2
         Distracted        |       |       |       |     3 |     3 ||     6
 Armour: Skin              |    22 |    45 |    75 |   224 |    89 ||   455
  Dodge: Dodged            |    52 |    91 |   364 |  1133 |   424 ||  2064
   Form: Flux              |       |       |     1 |     1 |     1 ||     3
         Serpent           |       |       |       |     1 |       ||     1
         Storm             |       |       |       |       |     1 ||     1

Table legend: (Time is in decaauts)
 A = Elapsed time spent in this place.
 B = Non-inter-level travel time spent in this place.
 C = Inter-level travel time spent in this place.
 D = Time resting spent in this place.
 E = Time spent auto-exploring this place.
 F = Levels seen in this place.
 G = Mean time per level.
                   A        B        C        D        E       F      G
               +--------+--------+--------+--------+--------+-----+--------+
         Total |  26856 |  23413 |   3443 |   9354 |   7989 |  21 | 1278.9 |
       Dungeon |  17609 |  15222 |   2387 |   5850 |   5563 |  12 | 1467.4 |
        Temple |     49 |     13 |     36 |      0 |      0 |   1 |   49.0 |
          Lair |   7242 |   6237 |   1005 |   2525 |   2147 |   5 | 1448.4 |
  Orcish Mines |    980 |    965 |     15 |    418 |    279 |   1 |  980.0 |
         Sewer |    212 |    212 |      0 |    106 |      0 |   1 |  212.0 |
       Ossuary |    762 |    762 |      0 |    454 |      0 |   1 |  762.0 |
               +--------+--------+--------+--------+--------+-----+--------+

Top non-repeatable levels by time:
    D:10: 3158 daAuts
     D:8: 2595 daAuts
     D:7: 2296 daAuts
  Lair:3: 2070 daAuts
  Lair:4: 1899 daAuts
     D:9: 1806 daAuts
  Lair:2: 1645 daAuts
  Lair:1: 1586 daAuts
     D:5: 1526 daAuts
     D:6: 1493 daAuts
    D:11: 1345 daAuts
   Orc:1: 980 daAuts
     D:2: 928 daAuts
     D:3: 888 daAuts
 Ossuary: 762 daAuts
